 Dungeon Crawl Stone Soup version 0.30.1-3-gfc49f6343a (webtiles) character file.

Game seed: 8827341896463993216

9 LynnLen the Sneak (level 2, -1/13 HPs)
             Began as a Spriggan Enchanter on July 29, 2023.
             Frozen to death by an endoplasm (4 damage)
             ... on level 1 of the Dungeon.
             The game lasted 00:01:04 (200 turns).

LynnLen the Sneak (Spriggan Enchanter)               Turns: 200, Time: 00:01:05

Health: -1/13      AC:  2    Str:  4    XL:     2   Next: 3%
Magic:  6/6        EV: 17    Int: 16    God:
Gold:   9          SH:  0    Dex: 15    Spells: 6/6 levels left

rFire   . . .        d - +1 dagger (holy)
rCold   . . .        (no shield)
rNeg    . . .        b - +0 robe
rPois   .            (helmet restricted)
rElec   .            (no cloak)
rCorr   .            (gloves unavailable)
SInv    +            (boots unavailable)
Will    .....        (no amulet)
Stlth   +++          (no ring)
HPRegen 0.22/turn    (no ring)
MPRegen 0.10/turn

%: no passive effects
@: invisible, very quick
A: very small, no large weapons, unfitting armour, see invisible, speed 3
a: no special abilities


You were on level 1 of the Dungeon.
You visited 1 branch of the dungeon, and saw 1 of its levels.

You collected 9 gold pieces.

Inventory:

Hand Weapons
 a - a +1 dagger
 d - a +1 dagger of holy wrath (weapon)
Armour
 b - a +0 robe (worn)
Potions
 c - a potion of invisibility


   Skills:
 + Level 1.3 Short Blades
 - Level 2.6 Dodging
 + Level 4.6 Stealth
 + Level 2.9 Spellcasting
 * Level 3.9 Hexes


You had 6 spell levels left.
You didn't know any spells.
Your spell library contained the following spells:

 Spells                   Type           Power      Damage    Failure   Level
 Confusing Touch          Hex            15%        N/A       11%         3
 Tukima's Dance           Hex            15%        N/A       11%         3
 Ensorcelled Hibernation  Hex/Ice        16%        N/A       13%         2
 Dazzling Flash           Conj/Hex       16%        N/A       26%         3


Dungeon Overview and Level Annotations

Branches:
Dungeon (1/15)

Altars:


Innate Abilities, Weirdness & Mutations

You are very small and have problems with some larger weapons.
You are too small for most types of armour.
You have supernaturally acute eyesight. (SInv)
You cover ground extremely quickly. (Speed+++)


Message History

A ball python comes into view.
You barely miss the kobold. The kobold closely misses you.
An endoplasm comes into view.
The endoplasm quivers.
You hit the kobold but do no damage. The kobold hits you with a +0 dagger.
You closely miss the kobold. The kobold hits you with a +0 dagger.
You hit the kobold but do no damage. The kobold completely misses you.
You hit the kobold.
You kill the kobold!
You see here a +0 dagger.
You hit the endoplasm.
The endoplasm is heavily wounded.
A bat comes into view.
The endoplasm barely misses you.
You completely miss the endoplasm.
The endoplasm is heavily wounded.
A goblin comes into view. It is wielding a +0 club.
The endoplasm barely misses you.
A rat comes into view.
The goblin shouts!
You hit the endoplasm.
The endoplasm is severely wounded.
The endoplasm freezes you.
You are frozen.
You hit the endoplasm.
You kill the endoplasm!
The endoplasm hits you but does no damage.
The bat misses you.
You have reached level 2!
You hit the bat.
The bat is moderately wounded.
The bat hits you. The endoplasm freezes you.
You are frozen.
* * * LOW HITPOINT WARNING * * *
The bat completely misses you.
You fade into invisibility!
The endoplasm freezes you.
You are frozen.
You die...

..# #..# #.#
######.#####.#
.............####
######....).....#
......#########.#
#####.#########.## #
..#..^.......# .#
#.........#####..#
#.#.#.#.#..rJ@g.b#
#.........######.....
#.#.#.#.. .#.
......... #.#.#.#..#
.......... #.#.#.#...
..S....


You could see an endoplasm, a goblin (unable to see you), a bat and a rat
(unable to see you).

Vanquished Creatures
  An endoplasm (D:1)
  2 giant cockroaches (D:1)
  2 goblins (D:1)
  A frilled lizard (D:1)
  2 kobolds (D:1)
8 creatures vanquished.

Notes
Turn   | Place    | Note
-------+----------+-------------------------------------------
     0 | D:1      | LynnLen the Spriggan Enchanter began the quest for the Orb.
     0 | D:1      | Reached XP level 1. HP: 9/9 MP: 5/5
   198 | D:1      | Reached XP level 2. HP: 9/13 MP: 6/6
   200 | D:1      | Frozen to death by an endoplasm

Illustrated notes

Levels and vault maps discovered:
D:1:      minmay_arrival_solitary_statue, layout_basic, serial_glass,
          glass_columns_b, glass_columns_b, glass_columns_c

Action                     || total
---------------------------++-------
  Melee: Dagger            ||    34
    Use: Potion            ||     1
 Armour: Robe              ||     2
  Dodge: Dodged            ||    27
